 Dungeon Crawl Stone Soup version 0.31-a0-204-g7da18cac08 (webtiles) character file.

Game seed: 13308987481143369744

50 qw the Shooter (level 3, -6/20 HPs)
             Began as a Deep Elf Hunter on June 27, 2023.
             Mangled by a gnoll
             ... wielding a +0 flail
              (8 damage)
             ... on level 2 of the Dungeon.
             The game lasted 00:00:27 (931 turns).

qw the Shooter (Deep Elf Hunter)                     Turns: 931, Time: 00:00:28

Health: -6/20      AC:  4    Str: 10    XL:     3   Next: 55%
Magic:  5/5        EV: 12    Int: 13    God:
Gold:   72         SH:  0    Dex: 18    Spells: 2/2 levels left

rFire   . . .        Y - +0 shortbow
rCold   . . .        (shield currently unavailable)
rNeg    . . .        c - +0 leather armour
rPois   .            d - +0 helmet
rElec   .            (no cloak)
rCorr   .            (no gloves)
SInv    .            (no boots)
Will    .....        (no amulet)
Stlth   ++           (no ring)
HPRegen 0.23/turn    (no ring)
MPRegen 0.09/turn

%: no passive effects
@: no status effects
A: no striking features
a: no special abilities


You were on level 2 of the Dungeon.
You visited 1 branch of the dungeon, and saw 2 of its levels.

You collected 72 gold pieces.


   Skills:
 - Level 1.5 Fighting
 + Level 7.1 Ranged Weapons
 - Level 2.4 Dodging
 - Level 1.2 Stealth


You had 2 spell levels left.
You didn't know any spells.
Your spell library was empty.

Inventory:

Hand Weapons
 Y - a +0 shortbow (weapon)
Armour
 a - a +0 pair of gloves
 c - a +0 leather armour (worn)
 d - a +0 helmet (worn)
 g - a +0 ring mail
Jewellery
 e - a +6 ring of dexterity
Scrolls
 f - 2 scrolls of fear {unknown}
Potions
 b - a potion of heal wounds {unknown}
 h - a potion of curing {unknown}
 i - 2 potions of degeneration {unknown}

Dungeon Overview and Level Annotations

Branches:
Dungeon (2/15)

Altars:


Message History

Enter note:
Enter note:
Enter note:
Enter note:
Enter note:
Enter note: You shoot an arrow.
The arrow hits the gnoll.
The gnoll shouts!
The gnoll is moderately wounded.
A bat comes into view.
An endoplasm comes into view.
The bat moves out of view.
You shoot an arrow.
The arrow hits the endoplasm but does no damage.
The endoplasm freezes you.
You are frozen.
You shoot an arrow. The arrow barely misses the endoplasm.
The gnoll throws a throwing net.
The throwing net hits you.
You become entangled in the net!
The endoplasm hits you but does no damage.
You struggle against the net.
The endoplasm hits you but does no damage.
You tear a large gash into the net.
The endoplasm hits you but does no damage.
You rip the net and break free!
The gnoll barely misses you. The endoplasm barely misses you.
You shoot an arrow.
The arrow hits the gnoll but does no damage.
The gnoll is moderately wounded.
The gnoll hits you with a +0 flail. The endoplasm freezes you.
You are frozen.
You shoot an arrow. The arrow hits the gnoll.
The gnoll is heavily wounded.
The gnoll hits you with a +0 flail. The endoplasm freezes you.
You are frozen.
You shoot an arrow. The arrow hits the gnoll.
The gnoll is almost dead.
The gnoll hits you with a +0 flail!
You die...

.#
.##.#.#.####.###
.# ##.#.#.#%##
.# .#
##.#.###.#.## #
.#
##.#.##.##.#.##
.# ##.#.##.#
##.#.## .#
##.#.##.# #
##.#.## .#
#.#.##.#...
##.#.## .#######
.#.##!?[(#
##.#.# .......##
#.#@gb# ##.#.##
#.###...#
##.#J#.# ##.#.##
#.# ##.## ## #.#
##.#.#### #.#
#.# ##
##.#.##... #.#
#.# ##.#.##.###
#.# #.#
##.#.###.# #.#
#.# ####
##.#.##...# #.#
#.# #..##
##.#.#######
#.##
#.#####.#.##
##.#.###


You could see a gnoll, an endoplasm and a bat.

Vanquished Creatures
  An adder (D:2)
  A dart slug (D:2)
  8 ball pythons
  7 bats (D:1)
  4 endoplasms (D:1)
  2 goblins (D:1)
  5 hobgoblins (D:1)
  A quokka (D:1)
  2 kobolds (D:1)
  3 rats (D:1)
34 creatures vanquished.

Notes
Turn   | Place    | Note
-------+----------+-------------------------------------------
     0 | D:1      | qw the Deep Elf Hunter began the quest for the Orb.
     0 | D:1      | Reached XP level 1. HP: 12/12 MP: 3/3
     0 | D:1      | 0 ||| qw: Version: 0.3-a-22-g0ed2b0b
     0 | D:1      | 0 ||| qw: Game counter: 6373
     0 | D:1      | 0 ||| qw: Melee chars always use a shield: true
     0 | D:1      | 0 ||| qw: God list: Okawaru
     0 | D:1      | 0 ||| qw: Allow faded altars: false
     0 | D:1      | 0 ||| qw: Do Orc after clearing Dungeon:15 true
     0 | D:1      | 0 ||| qw: Do second Lair branch before Depths: true
     0 | D:1      | 0 ||| qw: Lair rune preference: random
     0 | D:1      | 0 ||| qw: Goals: Normal
     0 | D:1      | 0 ||| PLANNING D:1-11
    40 | D:1      | 40 ||| FLEEEEING.
    41 | D:1      | 41 ||| FLEEEEING.
    42 | D:1      | 42 ||| FLEEEEING.
    43 | D:1      | 43 ||| FLEEEEING.
    50 | D:1      | Reached XP level 2. HP: 12/16 MP: 4/4
    51 | D:1      | Reached skill level 6 in Ranged Weapons
   123 | D:1      | 123 ||| FLEEEEING.
   124 | D:1      | 124 ||| FLEEEEING.
   125 | D:1      | 125 ||| FLEEEEING.
   126 | D:1      | 126 ||| FLEEEEING.
   297 | D:1      | Reached XP level 3. HP: 20/20 MP: 5/5
   414 | D:1      | 414 ||| UPGRADING to +0 helmet.
   419 | D:1      | 419 ||| READING scroll labelled NIFUIQ OGOBA.
   424 | D:1      | 424 ||| READING scroll labelled RORAWI SISE.
   425 | D:1      | 425 ||| DRINKING 3 fuming blue potions.
   452 | D:1      | 452 ||| DROPPING scroll of butterflies.
   453 | D:1      | 453 ||| DROPPING 2 potions of lignification.
   494 | D:2      | HP: 5/20 [poisoned by an adder]
   496 | D:2      | Reached skill level 7 in Ranged Weapons
   496 | D:2      | HP: 2/20 [poisoned by an adder]
   930 | D:2      | HP: 2/20 [frozen (5)]
   931 | D:2      | Mangled by a gnoll

Levels and vault maps discovered:
D:1:      dpeg_arrival_tiny_g, layout_rooms
D:2:      minmay_inner_zag, layout_loops_ring

Skill      XL: |  1  2  3 |
---------------+----------+-----
Ranged Weapons | 6 7 |  7.1
Fighting       | |  1.5
Dodging        | |  2.4
Stealth        | |  1.2

Action                     || total
---------------------------++-------
   Fire: Shortbow          ||   107
    Use: Scroll            ||     2
         Potion            ||     1
 Armour: Leather armour    ||    15
  Dodge: Dodged            ||    28

Table legend:
 A = Non-vault XP
 B = Vault XP
 C = Vault XP percentage of total XP
 D = Non-vault monster count
 E = Vault monster count
 F = Vault count percentage of total count
                 A         B        C        D         E       F
            +---------+---------+-------+---------+---------+-------
      Total |      70 |       2 |   2.8 |      32 |       2 |   5.9
            +---------+---------+-------+---------+---------+-------
        D:1 |      50 |       0 |   0.0 |      29 |       0 |   0.0
        D:2 |      20 |       2 |   9.1 |       3 |       2 |  40.0
            +---------+---------+-------+---------+---------+-------
